AoeStats
← Jakobob

Arabia

508225650Analyzed
1v1 RM · 11d ago on Sep 21, 2026· 42m 46s· 2 players
Game mode
Random Map
Map size
Tiny (2 player)
Population
200
Speed
Normal
Resources
Standard
Victory
Conquest
Starting age
Dark Age
Ending age
Imperial Age
RankedLock teamsTeams togetherTeam positionsShared explorationLock speedFull tech treeHidden civsTurbo modeCheats
Victory
Defeat
🇩🇪 Portuguese · Germany
735
+24
🇩🇪 Ethiopians · Germany
766
-17
Jakobob
10:01 Loom
12:16 Feudal Age
16:00 Wheelbarrow
15:13 Horse Collar
21:02 Double-Bit Axe
24:51 Castle Age
23:29 Gold Mining
26:12 Hand Cart
25:46 Town Watch
26:23 Bow Saw
27:16 Scale Barding Armor
34:54 Town Patrol
45:35 Imperial Age
Kehrbert
10:14 Feudal Age
10:26 Man-at-Arms
10:54 Arson
11:32 Arson
12:32 Double-Bit Axe
17:31 Gold Mining
17:35 Loom
21:29 Padded Archer Armor
22:33 Fletching
22:38 Horse Collar
24:09 Town Watch
27:50 Castle Age
26:40 Stone Mining
27:54 Crossbowman
28:42 Bodkin Arrow
29:03 Leather Archer Armor
30:59 Ballistics
31:19 Stone Shaft Mining
31:37 Husbandry
31:55 Forging
31:53 Scale Barding Armor
32:49 Bow Saw
33:47 Heavy Plow
42:24 Chain Barding Armor
Connection lost

Rejoining the realm…

Still unreachable

The connection could not be restored.

Session expired

The server has moved on; the page needs a fresh start.